 Dungeon Sprint DCSS version 0.30-a0-51-g784eafce7f (webtiles) character file.

Game seed: 3316506131079025446

230 Ankalagon the Covert (level 5, -6/38 HPs)
             Began as a Demigod Enchanter on Sept 5, 2022.
             Mangled by a merfolk siren
             ... wielding a +0 spear
              (22 damage)
             ... in the Dungeon (Sprint II: "The Violet Keep of Menkaure").
             The game lasted 00:01:46 (398 turns).

Ankalagon the Covert (Demigod Enchanter)             Turns: 398, Time: 00:01:47

Health: -6/38      AC:  2    Str:  9    XL:     5   Next: 43%
Magic:  2/13       EV: 12    Int: 17    God:
Gold:   486        SH:  0    Dex: 18    Spells: 3/11 levels left

rFire   . . .      SeeInvis .    a - +1 dagger
rCold   . . .      Faith    .    (no shield)
rNeg    . . .      Spirit   .    b - +0 robe
rPois   .          Reflect  .    (no helmet)
rElec   .          Harm     .    (no cloak)
rCorr   .          Rampage  .    (no gloves)
Will    .....      NoTele   +    (no boots)
Stlth   ++++......               (no amulet)
HPRegen 0.12/turn                (no ring)
MPRegen 0.13/turn                (no ring)

@: mesmerised, hasted, very quick
A: high MP 1, forlorn, divine attributes
a: no special abilities


You were in the Dungeon.
You visited 1 branch You collected 486 gold pieces.

Inventory:

Hand Weapons
 a - a +1 dagger (weapon)
Armour
 b - a +0 robe (worn)
Scrolls
 i - a scroll of blinking
Potions
 d - a potion of curing
 g - 2 potions of magic


   Skills:
 + Level 6.9 Short Blades
 - Level 1.7 Dodging
 + Level 8.0 Stealth
 + Level 3.5 Spellcasting
 + Level 4.3 Hexes
 + Level 0.2 Ice Magic


You had 3 spell levels left.
You knew the following spells:

 Your Spells              Type           Power      Damage    Failure   Level
a - Confusing Touch       Hex            17%        N/A       9%          3
b - Tukima's Dance        Hex            17%        N/A       9%          3
c - Ensorcelled Hibernat  Hex/Ice        20%        N/A       10%         2

Your spell library contained the following spells:

 Spells                   Type           Power      Damage    Failure   Level
 Dazzling Flash           Conj/Hex       20%        N/A       21%         3


Dungeon Overview and Level Annotations

Branches:
Dungeon (1/1)


Innate Abilities, Weirdness & Mutations

You have an increased reservoir of magic. (+10% MP)
You shall have no god before yourself.
Your divine heritage dramatically boosts your attributes as you level up.


Message History

The merfolk siren chants a haunting song.
You are mesmerised by the merfolk siren!
Casting: Tukima's Dance (dangerous; 9% risk of failure)
Confirm with . or Enter, or press ? or * to list all spells.
You don't have enough magic to cast this spell.
Unknown command.
You feel yourself speed up.
The merfolk siren chants its luring song.
The merfolk siren chants its luring song.
There is an open door here.
You hit the merfolk siren but do no damage.
You barely miss the merfolk siren.
The merfolk siren chants its luring song.
You barely miss the merfolk siren. You closely miss the merfolk siren.
The merfolk siren chants its luring song.
You hit the merfolk siren but do no damage.
You closely miss the merfolk siren.
The merfolk siren chants its luring song.
You hit the merfolk siren.
The merfolk siren is lightly wounded.
You barely miss the merfolk siren.
The merfolk siren is lightly wounded.
You hit the merfolk siren.
The merfolk siren is lightly wounded.
The merfolk siren chants its luring song.
You hit the merfolk siren.
The merfolk siren is lightly wounded.
You barely miss the merfolk siren.
The merfolk siren is lightly wounded.
The merfolk siren chants its luring song.
You hit the merfolk siren but do no damage.
The merfolk siren is lightly wounded.
You hit the merfolk siren but do no damage.
The merfolk siren is lightly wounded.
You hit the merfolk siren but do no damage.
The merfolk siren is lightly wounded.
The merfolk siren hits you with a +0 spear!!
Ouch! That really hurt!
You die...

#+#
###.###
#..#..#
##.#.##
##+##
##.####
+.<†'.##+
##.##...#
#@###.##
#.m.####
#..#..#
##. .##
## ##


You could see a merfolk siren (mesmerising).

Vanquished Creatures
  4 scorpions (D)
  2 worms (D)
6 creatures vanquished.

Notes
Turn   | Place    | Note
-------+----------+-------------------------------------------
     0 | D        | Ankalagon the Demigod Enchanter began the quest for the
                  | Orb.
     0 | D        | Reached XP level 1. HP: 14/14 MP: 5/5
     1 | D        | Noticed a scorpion
     1 | D        | Noticed a scorpion
     1 | D        | Noticed a scorpion
     1 | D        | Noticed a scorpion
     8 | D        | Killed a scorpion
     9 | D        | Reached skill level 5 in Stealth
     9 | D        | Reached XP level 2. HP: 20/20 MP: 7/7
     9 | D        | Reached XP level 3. HP: 26/26 MP: 8/8
    12 | D        | Killed a scorpion
    13 | D        | Reached skill level 5 in Short Blades
    13 | D        | Reached skill level 7 in Stealth
    13 | D        | Reached XP level 4. HP: 33/33 MP: 9/9
    16 | D        | Reached XP level 5. HP: 38/38 MP: 10/12
    23 | D        | Reached skill level 8 in Stealth
   274 | D        | Learned a level 3 spell: Confusing Touch
   278 | D        | Learned a level 3 spell: Tukima's Dance
   281 | D        | Learned a level 2 spell: Ensorcelled Hibernation
   378 | D        | Noticed a merfolk siren
   398 | D        | Mangled by a merfolk siren

Illustrated notes

Levels and vault maps discovered:
D:        the_violet_keep_of_menkaure [sprint2_stairs_cluster_1,
          sprint2_shoproom, sprint2_temple, sprint2_basic_supplies,
          sprint2_obstacle_3, sprint2_obstacle_5, sprint2_obstacle_4,
          sprint2_obstacle_6, sprint2_obstacle_7, sprint2_timed_cluster_1,
          sprint2_smallroom_cluster_1, sprint2_smallroom_final_cluster_1,
          sprint2_transparent_cluster_1, sprint2_second_timed_cluster_1,
          sprint2_sniper_area_1, sprint2_heavy_combat_area_1,
          sprint2_mutation_trap_area_1, sprint2_forest_area_1,
          sprint2_light_combat_area_1, sprint2_behind_water_1,
          sprint2_near_end_vault_1]

Skill      XL: |  1  2  3  4  5 |
---------------+----------------+-----
Short Blades   | 4 5 6 |  6.9
Stealth        | 5 7 8 |  8.0
Spellcasting   | 2 3 |  3.5
Hexes          | 3 4 |  4.3
Dodging        | |  1.7
Ice Magic      | |  0.2

Action                   |  1- 3 |  4- 6 || total
-------------------------+-------+-------++-------
Melee: Dagger            |     8 |    27 ||    35
 Cast: Tukima's Dance    |       |     4 ||     4
       Ensorcelled Hiber |       |     4 ||     4
  Use: Potion            |     2 |     3 ||     5
 Stab: Invisible         |     1 |     2 ||     3
       Sleeping          |       |     1 ||     1
Dodge: Dodged            |     5 |     4 ||     9

Table legend: (Time is in decaauts)
 A = Elapsed time spent in this place.
 B = Non-inter-level travel time spent in this place.
 C = Inter-level travel time spent in this place.
 D = Time resting spent in this place.
 E = Time spent auto-exploring this place.
 F = Levels seen in this place.
 G = Mean time per level.
                   A        B        C        D        E       F      G
               +--------+--------+--------+--------+--------+-----+--------+
         Total |    395 |    395 |      0 |    316 |      0 |   1 |  395.0 |
       Dungeon |    395 |    395 |      0 |    316 |      0 |   1 |  395.0 |
               +--------+--------+--------+--------+--------+-----+--------+

Top non-repeatable levels by time:
       D: 395 daAuts
